 Dungeon Crawl Stone Soup version 0.25-a0-523-g9afb2ee040 (webtiles) character file.

Game seed: 15613101039708114877, levelgen mode: classic

157 EnegeticOcto the Covered (level 5, 0/49 HPs)
             Began as a Deep Dwarf Fighter on Feb 18, 2020.
             Slain by a hound (1 damage)
             ... on level 4 of the Dungeon.
             The game lasted 00:00:31 (415 turns).

EnegeticOcto the Covered (Deep Dwarf Fighter)        Turns: 415, Time: 00:00:31

Health: 0/49       AC:  8    Str: 20    XL:     5   Next: 15%
Magic:  2/2        EV:  8    Int:  9    God:
Gold:   18         SH:  9    Dex: 12    Spells: 4/4 levels left

rFire    . . .     SeeInvis .   a - +0 war axe
rCold    . . .     Gourm    .   c - +0 kite shield
rNeg     . . .     Faith    .   b - +0 scale mail
rPois    .         Spirit   .   (no helmet)
rElec    .         Reflect  .   (no cloak)
rCorr    .         Harm     .   i - +0 pair of gloves
MR       .....                  (no boots)
Stlth    ..........             (no amulet)
HPRegen  0.00/turn              (no ring)
MPRegen  0.08/turn              (no ring)

@: non-regenerating
A: damage resistance, heal wounds, sense surroundings 1, no regeneration
a: Heal Wounds


You were on level 4 of the Dungeon.
You were not hungry.

You visited 1 branch of the dungeon, and saw 4 of its levels.

You collected 18 gold pieces.

Inventory:

Hand Weapons
 a - a +0 war axe (weapon)
Armour
 b - a +0 scale mail (worn)
 c - a +0 kite shield (worn)
 i - a +0 pair of gloves (worn)
Scrolls
 f - a scroll of enchant weapon {unknown}
 g - a scroll of teleportation {unknown}
 h - a scroll of amnesia {unknown}
 j - a scroll of identify {unknown}
Potions
 k - a potion of might {@q3}
Comestibles
 d - 3 chunks of flesh
 e - 4 rations


   Skills:
 * Level 3.6 Fighting
 * Level 3.6 Axes
 + Level 3.9 Armour
 + Level 1.9 Dodging
 + Level 3.8 Shields


You had 4 spell levels left.
You didn't know any spells.
Your spell library was empty.

Dungeon Overview and Level Annotations

Branches:
Dungeon (4/15)
 Temple: D:4-7

Altars:
Trog


Innate Abilities, Weirdness & Mutations

You are resistant to damage.
You can heal yourself by infusing magical energy.
You passively map a small area around you.
You do not regenerate.


Message History

You have reached level 5!
Found 16 arrows.
A leopard gecko comes into view.
A leopard gecko is nearby!
A leopard gecko is nearby!
A leopard gecko is nearby!
You barely miss the leopard gecko.
You block the leopard gecko's attack. x2
You slash the leopard gecko!
You kill the leopard gecko!
No target in view!
No target in view!
No target in view!
No target in view!
No target in view!
No target in view!
You butcher the leopard gecko corpse.
d - 3 chunks of flesh (gained 1)
You see here a leopard gecko skeleton. x2
Found an escape hatch in the floor.
There is an escape hatch in the floor here.
Found a flail.
You are no longer poisoned.
Found a whip.
No target in view!
No target in view!
No target in view!
No target in view!
No target in view!
No target in view!
No target in view!
No target in view!
No target in view!
No target in view!
Found a stone staircase leading down.
Found a stone staircase leading down.
You now have 8 gold pieces.
You now have 18 gold pieces (gained 10).
A leopard gecko comes into view.
Found a stone staircase leading up.
Found fire dragon scales.
You miss the leopard gecko. You block the leopard gecko's attack.
The leopard gecko closely misses you.
You closely miss the leopard gecko. You block the leopard gecko's attack.
You hit the leopard gecko.
The leopard gecko is moderately wounded.
You block the leopard gecko's attack.
The leopard gecko bites you but does no damage.
You closely miss the leopard gecko.
The leopard gecko is moderately wounded.
You block the leopard gecko's attack. x2
You closely miss the leopard gecko.
The leopard gecko is moderately wounded.
The leopard gecko closely misses you.
You hit the leopard gecko.
You kill the leopard gecko!
No target in view!
No target in view!
An ogre comes into view. It is wielding a +0 giant club.
The ogre shouts!
A leopard gecko comes into view.
The leopard gecko hisses angrily.
Found a scroll labeled TUPTAO ZOICRA.
You block the ogre's attack.
You barely miss the ogre. The ogre hits you with a +0 giant club.
You hit the ogre.
The ogre is lightly wounded.
You closely miss the leopard gecko. You block the ogre's attack.
The leopard gecko closely misses you.
You slash the ogre!
The ogre is heavily wounded.
You closely miss the leopard gecko. The leopard gecko closely misses you.
The ogre hits you with a +0 giant club!!
You block the leopard gecko's attack.
You slash the ogre!
The ogre is severely wounded.
You barely miss the leopard gecko. The ogre barely misses you.
The leopard gecko bites you.
The leopard gecko bites you but does no damage.
A hound comes into view.
You block the ogre's attack.
The hound barks!
You slash the ogre!
The ogre is almost dead.
Your shield and scale mail prevent you from hitting the leopard gecko.
You block the leopard gecko's attack. You block the ogre's attack.
You hit the ogre but do no damage.
The ogre is almost dead.
You hit the leopard gecko.
The leopard gecko bites you but does no damage.
You block the leopard gecko's attack.
The ogre hits you with a +0 giant club!!
* * * LOW HITPOINT WARNING * * *
You are too injured to fight recklessly!
You are too injured to fight recklessly!
You are too injured to fight recklessly!
You are too injured to fight recklessly!
You are too injured to fight recklessly!
You are too injured to fight recklessly!
You fail to use your ability.
The hound bites you.
You die...

........ .., , ,......#
... * , ,, ,?....# .... ,
, #....###....* .. #.
#....#.... , ...##.
*#[.....# , , ,
..<.#..###.hlO..# ,
............@...#..
.................... ,
....##.............##...
,,
........................,
, ......................#
* .#....................#
,
.#......................,
........................
, ,
...##......#.....##....


You could see an ogre, a hound and a leopard gecko.

Vanquished Creatures
  Purgy (D:3)
  A scorpion (D:4)
  An ooze (D:3)
  A worm (D:2)
  2 leopard geckos (D:4)
  A hobgoblin (D:3)
  A jackal (D:1)
  A kobold (D:2)
  A frilled lizard (D:1)
  3 rats
13 creatures vanquished.

Notes
Turn   | Place    | Note
-------+----------+-------------------------------------------
     0 | D:1      | EnegeticOcto the Deep Dwarf Fighter began the quest for the
                  | Orb.
     0 | D:1      | Reached XP level 1. HP: 20/20 MP: 1/1
   133 | D:2      | Found a bloodstained altar of Trog.
   137 | D:2      | Reached XP level 2. HP: 20/27 MP: 2/2
   205 | D:3      | Noticed Purgy
   241 | D:3      | Killed Purgy
   241 | D:3      | Reached skill level 1 in Dodging
   241 | D:3      | Reached XP level 3. HP: 22/34 MP: 1/1
   241 | D:3      | Reached XP level 4. HP: 28/42 MP: 2/2
   325 | D:4      | Reached XP level 5. HP: 40/49 MP: 2/2
   405 | D:4      | Noticed an ogre
   414 | D:4      | HP: 1/49 [ogre/+0 giant club (19)]
   415 | D:4      | Slain by a hound

Levels and vault maps discovered:
D:1:      dpeg_arrival_brainrot, layout_basic
D:2:      layout_basic, old_standard_altar, fedhas_altar_2
D:3:      layout_basic, first_ration, uniq_purgy, uniq_robin
D:4:      layout_cave_pools

Skill      XL: |  1  2 |
---------------+-------+-----
Fighting       | 3 |  3.6
Axes           | 3 |  3.6
Dodging        | 1 |  1.9
Armour         | |  3.9
Shields        | |  3.8

Action                   |  1- 3 |  4- 6 || total
-------------------------+-------+-------++-------
Melee: War axe           |    53 |    37 ||    90
 Abil: Heal Wounds       |     2 |     1 ||     3
Armor: Scale mail        |    59 |     7 ||    66
Dodge: Dodged            |    32 |    13 ||    45
Block: Kite shield       |    47 |    27 ||    74

Table legend:
 A = Non-vault XP
 B = Vault XP
 C = Vault XP percentage of total XP
 D = Non-vault monster count
 E = Vault monster count
 F = Vault count percentage of total count
                 A         B        C        D         E       F
            +---------+---------+-------+---------+---------+-------
      Total |      98 |     127 |  56.4 |      11 |       2 |  15.4
            +---------+---------+-------+---------+---------+-------
        D:1 |       2 |       2 |  50.0 |       2 |       1 |  33.3
        D:2 |       9 |       0 |   0.0 |       4 |       0 |   0.0
        D:3 |       9 |     125 |  93.3 |       2 |       1 |  33.3
        D:4 |      78 |       0 |   0.0 |       3 |       0 |   0.0
            +---------+---------+-------+---------+---------+-------
